 Dungeon Crawl Stone Soup version 0.29.1-12-g30fa7ad0bf (webtiles) character file.

Game seed: 12865782064314770108

5396 KittyFluff the Protected (level 10, -4/61 HPs)
             Began as a Gargoyle Fighter on Dec 28, 2022.
             Was a Believer of Trog.
             Slain by a troll (9 damage)
             ... on level 9 of the Dungeon.
             The game lasted 00:46:12 (10498 turns).

KittyFluff the Protected (Gargoyle Fighter)        Turns: 10498, Time: 00:46:13

Health: -4/61      AC: 20    Str: 21    XL:     10   Next: 66%
Magic:  10/10      EV: 10    Int: 10    God:    Trog [**....]
Gold:   104        SH: 10    Dex: 11    Spells: 9/9 levels left

rFire   + . .      SeeInvis .   a - +0 flail
rCold   + . .      Faith    .   c - +0 buckler
rNeg    + . .      Spirit   .   h - +3 scale mail
rPois   ∞          Reflect  +   (no helmet)
rElec   +          Harm     .   G - scarf {rC+ rF+}
rCorr   +          Rampage  .   (no gloves)
Will    .....                   w - +0 pair of boots
Stlth   ..........              b - amulet of reflection
HPRegen 0.20/turn               i - ring of resist corrosion
MPRegen 0.12/turn               (no ring)

@: on berserk cooldown, slowed, very slow
A: sickness immunity, AC +7, negative energy resistance 1, electricity
resistance, torment resistance 1, petrification resistance
a: Renounce Religion, Berserk, Trog's Hand


You were on level 9 of the Dungeon.
You worshipped Trog.
Trog was pleased with you.
You visited 2 branches of the dungeon, and saw 10 of its levels.

You collected 520 gold pieces.
You spent 416 gold pieces at shops.

Inventory:

Hand Weapons
 a - a +0 flail (weapon)
 v - a +0 sling
 F - a +0 shortbow
 I - a +0 arbalest
 J - the +11 hand axe "Spider's Peril" {vorpal, Fly rN+ Dex+2}
   (You found it on level 9 of the Dungeon)

   It inflicts extra damage upon your enemies.
   Dex:       It affects your dexterity (+2).
   rN:        It protects you from negative energy.
   Fly:       It grants you flight.
 K - a +6 spear of distortion
Missiles
 g - 11 stones (quivered)
 o - 28 poisoned darts
 y - 9 boomerangs
Armour
 c - a +0 buckler (worn)
 h - a +3 scale mail (worn)
 w - a +0 pair of boots (worn)
 G - a scarf of resistance (worn)
Jewellery
 b - an amulet of reflection (around neck)
 i - a ring of resist corrosion (left hand)
Scrolls
 e - a scroll of vulnerability {unknown}
 j - 2 scrolls of torment
 l - 3 scrolls of blinking
 n - 2 scrolls of poison {unknown}
 q - 2 scrolls of butterflies {unknown}
 r - a scroll of amnesia {unknown}
 u - a scroll of summoning {unknown}
 x - 3 scrolls of teleportation {unknown}
 A - a scroll of brand weapon
 C - 3 scrolls of immolation {unknown}
 E - 2 scrolls of fear
 H - a scroll of silence {unknown}
Potions
 d - 2 potions of might
 f - 4 potions of curing
 k - 3 potions of cancellation
 m - 2 potions of lignification
 p - 2 potions of haste
 s - a potion of mutation
 t - a potion of magic
 z - a potion of flight
 B - a potion of heal wounds
 D - a potion of attraction


   Skills:
 + Level 6.3 Fighting
 * Level 9.4 Maces & Flails
 + Level 2.1 Throwing
 * Level 9.6 Armour
 + Level 3.0 Dodging
 + Level 1.4 Stealth
 * Level 7.7 Shields


You had 9 spell levels left.
You didn't know any spells.
Your spell library contained the following spells:

 Spells                   Type           Power      Damage    Failure   Level
 Dazzling Flash           Conj/Hex       0%         N/A       97%         3
 Agony                    Necr           0%         N/A       100%        5
 Silence                  Hex/Air        0%         N/A       100%        5


Dungeon Overview and Level Annotations

Branches:
Dungeon (9/15)             Temple (1/1) D:4            Lair (0/5) D:8
    Orc (0/2) D:9

Altars:
Ashenzari
Cheibriados
Dithmenos
Elyvilon
Fedhas
Gozag
Hepliaklqana
Kikubaaqudgha
Makhleb
Nemelex Xobeh
Okawaru
Qazlal
Ru
Sif Muna
Trog
Uskayaw
Vehumet
Wu Jian
Xom
Zin
The Shining One

Shops:
D:1 (   D:5 [=:[   D:7 *   D:9 (


Innate Abilities, Weirdness & Mutations

You are immune to sickness and miasma.
Your stone body is resilient. (AC +7)
You are immune to poison.
You resist negative energy. (rN+)
You are resistant to electric shocks. (rElec)
You are resistant to unholy torment.
You are immune to petrification.


Message History

The gnoll is moderately wounded.
You block the gnoll's attack. You block the orc warrior's attack.
You barely miss the gnoll.
The gnoll is moderately wounded.
You block the troll's attack. The troll claws you.
The troll claws you but does no damage. You block the gnoll's attack.
The orc warrior hits you from afar with a +0 trident.
The gnoll attacks as you move away! The gnoll hits you but does no damage.
You block the troll's attack. The troll claws you! The troll claws you.
The gnoll hits you but does no damage. You block the orc warrior's attack.
There is an open door here.
You closely miss the troll. The troll barely misses you. The troll misses you.
The troll barely misses you. You block the gnoll's attack.
You closely miss the troll. The troll bites you but does no damage.
The troll claws you. x2; You block the gnoll's attack.
You barely miss the troll. You block the troll's attack.
The troll closely misses you. The troll claws you!
You block the gnoll's attack.
You sock the troll!
The troll is lightly wounded.
The troll bites you!
* * * LOW HITPOINT WARNING * * *
The troll closely misses you. The troll claws you but does no damage.
The gnoll hits you but does no damage. The troll attacks as you move away!
The troll bites you.
* * * LOW HITPOINT WARNING * * *
You block the troll's attack. The troll claws you!
* * * LOW HITPOINT WARNING * * *
A red film seems to cover your vision as you go berserk!
You feel yourself moving faster!
You feel mighty! The troll bites you but does no damage. The troll claws you.
* * * LOW HITPOINT WARNING * * *
You block the troll's attack.
You feel a strong urge to attack something.
You feel your anger nearly subside.
You are no longer berserk.
You are exhausted.
You feel yourself slow down. The troll attacks as you move away!
The troll bites you!
You die... .# #######'#...##[..........# ## #.......#####'###### ##..#.#.####..# ####### ## #........#..## #8.O.8# .# ####'.#.#.#...## #oooTK#

.# #.........##.######gKo.K# <#
#####......###........#OKgoo#
.####...'.....<###........# .oo8
.#....###......)@Tg.......###'###
...#### #......###.o.............
.### #......# #........####### ##
####'#### #######.## #....#
#.g..# #.#### ###o#####
####'##########....o..#
#.........##..'.......#
#.........'..##.......#


You could see a troll, an orc warrior and a gnoll.

Vanquished Creatures
  A troll (D:9)
  Sigmund (D:5)
  8 yaks
  2 wyverns
  Menkaure (D:5)
  2 water moccasins
  Duvessa (D:4)
  3 orc warriors
  An ice beast (D:6)
  A sky beast (D:8)
  2 ogres
  A centaur (D:7)
  3 phantoms
  4 kobold brigands
  2 gnoll sergeants (D:9)
  A necrophage (D:5)
  5 scorpions
  7 wights
  Dowan (D:4)
  7 killer bees
  3 howler monkeys
  2 jellies
  3 hounds
  8 iguanas
  3 orc wizards
  Natasha (thrice) (D:2)
  6 adders
  A shadow imp (D:7)
  2 ufetubi
  4 worms
  24 orcs
  7 bats
  3 endoplasms
  4 giant cockroaches
  6 goblins
  8 hobgoblins
  3 jackals (D:1)
  3 quokkas
  A ball python (D:4)
  2 frilled lizards
  11 kobolds
  3 rats (D:2)
  A butterfly (D:4)
165 creatures vanquished.

Vanquished Creatures (others)
  2 plants (D:3)
2 creatures vanquished.

Grand Total: 167 creatures vanquished

Notes
Turn   | Place    | Note
-------+----------+-------------------------------------------
     0 | D:1      | KittyFluff the Gargoyle Fighter began the quest for the
                  | Orb.
     0 | D:1      | Reached XP level 1. HP: 14/14 MP: 1/1
   163 | D:1      | Found Zycs's Weapon Emporium.
   514 | D:1      | Reached XP level 2. HP: 19/19 MP: 2/2
   997 | D:2      | Reached XP level 3. HP: 22/23 MP: 3/3
  1062 | D:2      | Noticed Natasha
  1067 | D:2      | Killed Natasha
  1145 | D:2      | Noticed Natasha
  1153 | D:2      | Killed Natasha
  1154 | D:2      | Reached XP level 4. HP: 13/29 MP: 4/4
  1404 | D:2      | Noticed Natasha
  1423 | D:2      | Killed Natasha
  1705 | D:2      | Found a faded altar of an unknown god.
  2277 | D:3      | Identified the +7 short sword "Ziqyzeh" {holy, Dex+5}
  2332 | D:3      | Reached XP level 5. HP: 33/33 MP: 5/5
  3129 | D:4      | Reached skill level 5 in Armour
  3222 | D:4      | Noticed a phantom
  3224 | D:4      | Noticed a phantom
  3237 | D:4      | Killed a phantom
  3237 | D:4      | Found a radiant altar of Vehumet.
  3238 | D:4      | Reached XP level 6. HP: 21/38 MP: 6/6
  3745 | D:4      | Reached XP level 7. HP: 39/43 MP: 7/7
  3833 | D:4      | Noticed Duvessa
  3850 | D:4      | Killed Duvessa
  3850 | D:4      | Noticed Dowan
  3877 | D:4      | Killed Dowan
  3926 | D:4      | Found a staircase to the Ecumenical Temple.
  3938 | Temple   | Entered the Ecumenical Temple
  3971 | Temple   | Became a worshipper of Trog the Wrathful
  4292 | D:5      | Entered Level 5 of the Dungeon
  4310 | D:5      | Found a blossoming altar of Fedhas.
  4378 | D:5      | Found an ancient bone altar of Kikubaaqudgha.
  4404 | D:5      | Found Foravvorch's Jewellery Boutique.
  4429 | D:5      | Found Lotujama's Armour Shop.
  4468 | D:5      | Reached skill level 5 in Maces & Flails
  4489 | D:5      | Reached skill level 1 in Dodging
  4489 | D:5      | Reached XP level 8. HP: 33/48 MP: 8/8
  4639 | D:5      | Noticed Sigmund
  4872 | D:5      | Found Faatziup's Armour Boutique.
  4913 | D:5      | Found Huegoph's Book Emporium.
  4937 | D:5      | Found a glowing silver altar of Zin.
  4939 | D:5      | Noticed Menkaure
  4953 | D:5      | Killed Menkaure
  5239 | D:5      | Killed Sigmund
  5240 | D:5      | Reached skill level 1 in Throwing
  5337 | D:5      | Found a broken altar of Ashenzari.
  5409 | D:5      | Reached skill level 1 in Stealth
  5602 | D:6      | Reached skill level 5 in Shields
  5666 | D:6      | Reached skill level 5 in Fighting
  5666 | D:6      | Reached XP level 9. HP: 30/54 MP: 9/9
  6468 | D:6      | Found a snail-covered altar of Cheibriados.
  6691 | D:7      | Reached * piety under Trog
  7139 | D:7      | Found Qefu's Neck Hole.
  7142 | D:7      | Bought a scarf of resistance for 416 gold pieces
  8062 | D:8      | Found a staircase to the Lair.
  8229 | D:8      | Reached XP level 10. HP: 27/60 MP: 10/10
  8417 | D:8      | Found an iron altar of Okawaru.
  8915 | D:9      | Found Joaf's Antique Weapon Boutique.
  8967 | D:9      | Identified the +11 hand axe "Spider's Peril" {vorpal, Fly
                  | rN+ Dex+2}
  9680 | D:9      | Reached ** piety under Trog
  9884 | D:9      | Found a staircase to the Orcish Mines.
 10498 | D:9      | Slain by a troll

Illustrated notes

Levels and vault maps discovered:
D:1:      dpeg_arrival_pits, layout_basic, serial_shops, nicolae_diamond_shop
D:2:      layout_loops_ring, shapermc_ecumenical_altar_venn,
          kennysheep_generic_room_8, uniq_natasha
D:3:      layout_basic, serial_bayou_lake_a
D:4:      layout_loops_ring, nicolae_overflow_crystal_walls,
          minmay_temple_entry_butterflies, kennysheep_crisscross, uniq_duvessa
D:5:      minmay_evil_eye, layout_basic, mainiacjoe_overflow_boulevard,
          fedhas_altar_2, kennysheep_mini_moat, evilmike_ruin_ashenzari,
          serial_shops, shop, nicolae_shop_hallway_plus, shop_coins, shop,
          uniq_menkaure, uniq_sigmund
D:6:      hellmonk_destroyed_diamonds, layout_cave_pods,
          mainiacjoe_overflow_chevrons
D:7:      layout_basic, nicolae_shop_sticking_my_neck_out
D:8:      layout_rooms, lemuel_coloured_pillars_altar, lair_entry_dummy
D:9:      layout_roguey, kennysheep_orc_monster_closet_entryway, serial_glass,
          glass_columns_c, glass_columns_a, serial_shops, shop
Temple:   nicolae_temple_ecumenical_triangle

Skill      XL: |  1  2  3  4  5  6  7  8  9 10 |
---------------+-------------------------------+-----
Armour         | 4 5 6 8 9 |  9.6
Maces & Flails | 3 4 5 6 7 9 |  9.4
Shields        | 4 5 6 7 |  7.7
Fighting       | 4 5 6 |  6.3
Dodging        | 1 2 3 |  3.0
Throwing       | 1 2 |  2.1
Stealth        | 1 |  1.4

Action                   |  1- 3 |  4- 6 |  7- 9 | 10-12 || total
-------------------------+-------+-------+-------+-------++-------
Melee: Flail             |    68 |   200 |   482 |   234 ||   984
 Fire: Sling             |       |       |       |     2 ||     2
Throw: Stone             |     3 |     1 |    31 |    27 ||    62
       Dart              |       |       |     6 |       ||     6
Invok: Berserk           |       |       |       |     2 ||     2
  Use: Scroll            |       |     2 |    10 |     1 ||    13
Armor: Scale mail        |    39 |    97 |   207 |   122 ||   465
Dodge: Dodged            |    32 |    53 |   197 |    96 ||   378
Block: Buckler           |    26 |    89 |   218 |   143 ||   476
       Reflection        |     1 |     3 |     9 |       ||    13
